 Dungeon Crawl Stone Soup version 0.18.1-47-g9310371 (webtiles) character file.

42 rftp080 the Magician (level 3, -5/26 HPs)
             Began as a Ghoul Wizard on June 20, 2016.
             Slain by an orc
             ... wielding a +0 hand axe
              (9 damage)
             ... on level 2 of the Dungeon.
             The game lasted 00:06:00 (2423 turns).

rftp080 the Magician (Ghoul Wizard)                 Turns: 2423, Time: 00:06:00

Health: -5/26      AC:  2    Str: 10    XL:     3   Next: 54%
Magic:  0/6        EV: 11    Int: 14    God:
Gold:   55         SH:  0    Dex:  7    Spells: 3 memorised, 2 levels left

rFire  . . .     SeeInvis .     h - +0 club
rCold  + . .     Gourm    .     a - +0 robe
rNeg   + + +     Faith    .     (no shield)
rPois  ∞         Spirit   .     b - +0 hat
rElec  .         Dismiss  .     (no cloak)
rCorr  .         Reflect  .     (no gloves)
SustAt .         Harm     .     (no boots)
MR     .....                    (no amulet)
Stlth  ++........               (no ring)
                                (no ring)

@: rotting, not resistant to hostile enchantments, unstealthy
A: rotting body, claws 1, carnivore 3, cold resistance 1, negative energy
resistance 3, slow regeneration 1, torment resistance, unbreathing
a: no special abilities


You were on level 2 of the Dungeon.
You were not hungry.

You visited 1 branch of the dungeon, and saw 2 of its levels.

You collected 55 gold pieces.

Inventory:

Hand Weapons
 e - a +0 short sword
 h - a +0 club (weapon)
Armour
 a - a +0 robe (worn)
 b - a +0 hat (worn)
 g - a +3 leather armour
 m - a +0 pair of boots
Scrolls
 f - a scroll of fear {unknown}
Potions
 j - a potion of curing {unknown}
Books
 c - a book of Minor Magic

   Spells                             Type                      Level
   a - Magic Dart                     Conjuration                  1
   b - Blink                          Translocation                2
   c - Call Imp                       Summoning                    2
   d - Repel Missiles                 Charms/Air                   2
   e - Slow                           Hexes                        2
   f - Conjure Flame                  Conjuration/Fire             3
   g - Mephitic Cloud                 Conjuration/Poison/Air       3
Comestibles
 d - a meat ration
 l - a beef jerky


   Skills:
 - Level 1.7 Dodging
 - Level 2.1 Stealth
 - Level 3.0 Spellcasting
 + Level 2.3 Conjurations
   Level 0.8 Summonings
 - Level 0.8 Translocations


You had 2 spell levels left.
You knew the following spells:

 Your Spells              Type           Power        Failure   Level  Hunger
a - Magic Dart            Conj           #...         10%         1    #......
b - Blink                 Tloc           N/A          24%         2    ##.....
c - Mephitic Cloud        Conj/Pois/Air  #.......     47%         3    ###....


Dungeon Overview and Level Annotations

Branches:
Dungeon (2/15)

Altars:


Innate Abilities, Weirdness & Mutations

Your body is rotting away.
You thrive on raw meat.
You are immune to poison.
You have sharp fingernails.
You are carnivorous and can eat meat at any time.
Your flesh is cold resistant.
You are immune to negative energy.
You regenerate slowly when monsters are visible.
You are immune to unholy pain and torment.
You can survive without breathing.


Message History

The orc hits you but does no damage.
Casting: Magic Dart
Confirm with . or Enter, or press ? or * to list all spells.
Aiming: Magic Dart
Press: ? - help, Shift-Dir - straight line, f/p - orc
Aim: an orc, wielding a hand axe and wearing a leather armour (severely wounded)
The magic dart hits the orc.
The orc is severely wounded.
The orc barely misses you.
Drink which item? (? for menu, Esc to quit)
Okay, then.
Casting: Magic Dart
Confirm with . or Enter, or press ? or * to list all spells.
Aiming: Magic Dart
Press: ? - help, Shift-Dir - straight line, f/p - orc
Aim: an orc, wielding a hand axe and wearing a leather armour (severely wounded)
The magic dart hits the orc.
The orc is severely wounded.
The orc hits you with a hand axe!
You die...

###### #########....##########
..>....................
...#.####....####################
...............o@............÷...
...##############################
..## #### ..# #... ..# #.##
..##### ####.# ......# #....##
......# #.##... ......# .. #...


You could see an orc.

Vanquished Creatures
  4 giant geckos
  A ball python (D:2)
  2 bats (D:2)
  3 giant cockroaches
  4 goblins (D:1)
  4 hobgoblins (D:1)
  5 jackals
  2 giant newts (D:1)
  A kobold (D:1)
  7 rats
33 creatures vanquished.

Notes
Turn   | Place    | Note
--------------------------------------------------------------
     0 | D:1      | rftp080 the Ghoul Wizard began the quest for the Orb.
     0 | D:1      | Reached XP level 1. HP: 14/14 MP: 3/3
   131 | D:1      | Reached skill level 3 in Spellcasting
   353 | D:1      | Reached skill level 1 in Conjurations
   353 | D:1      | Reached XP level 2. HP: 20/20 MP: 5/5
   365 | D:1      | Learned a level 2 spell: Blink
  1759 | D:1      | Reached XP level 3. HP: 26/26 MP: 4/6
  2313 | D:1      | Learned a level 3 spell: Mephitic Cloud
  2423 | D:2      | Slain by an orc

Skill      XL: |  1  2  3 |
---------------+----------+-----
Spellcasting   | 3 |  3.0
Conjurations   | 1 2 |  2.3
Dodging        | |  1.7
Stealth        | |  2.1
Summonings     | |  0.8
Translocations | |  0.8

Action                   || total
-------------------------++-------
Melee: Unarmed           ||    30
       Short sword       ||    13
       Club              ||    80
 Cast: Magic Dart        ||    75
  Use: Potion            ||     1
 Stab: Sleeping          ||     3
  Eat: Chunk             ||    21
Armor: Robe              ||    54
Dodge: Dodged            ||   139
